 Dungeon Crawl Stone Soup version 0.19-a0-739-gf2af308 (webtiles) character file.

6209 TheGoonsmith the Grappler (level 10, -18/91 HPs)
             Began as a Ghoul Monk on June 23, 2016.
             Was a Follower of Uskayaw.
             Killed from afar by Harold (29 damage)
             ... with a bolt of fire
             ... on level 9 of the Dungeon.
             The game lasted 00:22:44 (11712 turns).

TheGoonsmith the Grappler (Ghoul Monk)             Turns: 11712, Time: 00:22:44

Health: -18/91     AC:  8    Str: 19    XL:     10   Next: 92%
Magic:  9/9        EV: 21    Int:  7    God:    Uskayaw [*.....]
Gold:   486        SH:  0    Dex: 16    Spells: 0 memorised, 9 levels left

rFire  . . .     SeeInvis .       - Unarmed
rCold  + + .     Gourm    .     l - +1 ring mail "Ethreubes" {rElec Int+2} (curse)
rNeg   + + +     Faith    .     (no shield)
rPois  ∞         Spirit   .     x - +2 hat
rElec  +         Dismiss  .     (no cloak)
rCorr  .         Reflect  .     (no gloves)
SustAt .         Harm     .     (no boots)
MR     .....                    (no amulet)
Stlth  ++........               A - ring of flight
                                B - ring of protection from cold

@: agile, flying, rotting, not resistant to hostile enchantments, unstealthy
A: rotting body, claws 1, carnivore 3, cold resistance 1, negative energy
resistance 3, slow regeneration 1, torment resistance, unbreathing
a: Stomp, Renounce Religion


You were on level 9 of the Dungeon.
You worshipped Uskayaw.
Uskayaw was aware of your devotion.
You were not hungry.

You visited 2 branches of the dungeon, and saw 11 of its levels.
You also visited: Sewer.

You collected 486 gold pieces.

Inventory:

Hand Weapons
 b - a +0 triple crossbow
Missiles
 e - 329 stones (quivered)
 h - 87 sling bullets
 j - 257 arrows
 n - 7 poisoned javelins
 o - 17 poisoned needles
 p - 4 javelins
 w - 19 tomahawks
 E - 106 bolts
Armour
 l - the cursed +1 ring mail "Ethreubes" (worn) {rElec Int+2}
   (You found it on level 5 of the Dungeon)

   It affects your intelligence (+2).
   It insulates you from electricity.
   It has a curse placed upon it.
 x - a +2 hat (worn)
 F - a +0 chain mail
 M - a +0 pair of gloves
Jewellery
 a - an uncursed ring of ice
 A - a ring of flight (right claw)
 B - a ring of protection from cold (left claw)
 C - a cursed ring of teleportation {unknown}
Wands
 d - a wand of enslavement (22/24)
 K - a wand of acid (6/15)
Scrolls
 f - a scroll of blinking
 g - 2 scrolls of enchant armour
 k - 6 scrolls of remove curse
 m - 2 scrolls of teleportation
 r - 5 scrolls of identify
 t - 2 scrolls of amnesia
 u - 5 scrolls of recharging
 v - a scroll of fog
 y - a scroll of fear
Potions
 i - 2 potions of brilliance
 q - 4 potions of curing
 z - a potion of heal wounds
 G - 2 potions of flight
 I - a potion of agility
 L - a potion of haste {unknown}
Comestibles
 c - 9 slices of pizza
 s - 2 beef jerkies
 H - a royal jelly
 J - 7 meat rations


   Skills:
 - Level 9.0 Fighting
 - Level 5.1 Throwing
 + Level 8.5 Dodging
 - Level 2.1 Stealth
 - Level 11.0 Unarmed Combat


You had 9 spell levels left.
You didn't know any spells.

Dungeon Overview and Level Annotations

Branches:
Dungeon (10/15)            Temple (1/1) D:4
   Lair: D:8-11         Orc: D:9-12

Altars:
Ashenzari
Cheibriados
Dithmenos
Elyvilon
Fedhas
Gozag
Hepliaklqana
Kikubaaqudgha
Makhleb
Nemelex Xobeh
Okawaru
Pakellas
Qazlal
Ru
Sif Muna
Trog
Uskayaw
Vehumet
Xom
Yredelemnul
Zin
The Shining One

Shops:
D:8 :

Annotations:
D:9 Harold


Innate Abilities, Weirdness & Mutations

Your body is rotting away.
You thrive on raw meat.
You are immune to poison.
You have sharp fingernails.
You are carnivorous and can eat meat at any time.
Your flesh is cold resistant. (rC+)
You are immune to negative energy. (rN+++)
You regenerate slowly when monsters are visible.
You are immune to unholy pain and torment.
You can survive without breathing.


Message History

You can no longer pass through a line of other dancers.
You scratch Harold but do no damage.
Harold is heavily wounded.
You feel less invigorated.
You feel less confused. The orc priest completely misses you.
Harold misses you. The orc priest misses you. Harold misses you.
The orc priest calls down the wrath of Beogh upon you.
You struggle to resist.
The orc priest calls down the wrath of Beogh upon you.
Beogh smites you!
* * * LOW HITPOINT WARNING * * *
Harold throws a throwing net.
The throwing net completely misses you.
You see here a throwing net.
The orc priest invokes the aid of Beogh against you.
Beogh smites you!
* * * LOW HITPOINT WARNING * * *
Harold gestures at you while chanting. The bolt of fire hits you!
You die...

#.................).'.
#...................##
##....................#
#....##..##..##.......#
####.##'###############
#....>..# #....@o.#
##.......## #....@(...#
####'###### #.....#
#.....# #.....# ##...##
#####


You could see Harold and an orc priest.

Vanquished Creatures
  A troll (D:9)
  A two-headed ogre (D:10)
  Prince Ribbit (D:5)
  The ghost of TheGoonsmith the Conjurer, an amateur DECj (D:4)
  3 yaks (D:10)
  A human (D:9)
  Eustachio (D:5)
  A hungry ghost (D:9)
  2 hippogriffs (D:9)
  A water moccasin (D:9)
  An ice beast (D:8)
  2 sky beasts
  3 black bears
  2 ogres (D:5)
  2 orc warriors
  An eye of draining (D:9)
  2 phantoms
  8 centaurs
  A crocodile (D:9)
  3 giant frogs
  A gnoll sergeant (D:5)
  3 scorpions
  6 killer bees
  A howler monkey (D:5)
  3 crimson imps
  2 giant frog zombies
  A jelly (D:8)
  7 hounds
  6 orc priests
  3 centaur skeletons
  A giant frog skeleton (D:9)
  4 iguanas
  5 orc wizards
  8 worker ants
  A killer bee zombie (D:7)
  A hound skeleton (D:7)
  19 adders
  7 gnolls
  2 shadow imps
  14 oozes
  2 adder skeletons
  An adder zombie (D:4)
  3 worms
  4 dart slugs
  17 giant geckos
  30 orcs
  10 giant cockroaches
  5 goblins
  8 hobgoblins
  3 jackals
  5 kobolds
  3 quokkas
  9 ball pythons
  11 bats
  18 giant newts
  10 rats
272 creatures vanquished.

Vanquished Creatures (others)
  A fulminant prism (D:4)
1 creature vanquished.

Grand Total: 273 creatures vanquished

Notes
Turn   | Place    | Note
--------------------------------------------------------------
     0 | D:1      | TheGoonsmith the Ghoul Monk began the quest for the Orb.
     0 | D:1      | Reached XP level 1. HP: 19/19 MP: 0/0
   180 | D:1      | Reached XP level 2. HP: 26/26 MP: 1/1
   195 | D:1      | Reached skill level 4 in Unarmed Combat
   646 | D:1      | Reached XP level 3. HP: 29/29 MP: 2/2
  1800 | D:2      | Reached skill level 5 in Unarmed Combat
  2444 | D:2      | Reached XP level 4. HP: 32/35 MP: 3/3
  3104 | D:3      | Reached skill level 6 in Unarmed Combat
  3104 | D:3      | Reached XP level 5. HP: 45/45 MP: 4/4
  3623 | D:3      | Reached skill level 1 in Throwing
  3816 | D:3      | Reached XP level 6. HP: 44/51 MP: 5/5
  4159 | D:4      | Found a glowing drain.
  4183 | D:4      | Reached skill level 7 in Unarmed Combat
  4208 | Sewer    | Entered a sewer
  4737 | Sewer    | Reached XP level 7. HP: 55/57 MP: 6/6
  5094 | D:4      | Noticed TheGoonsmith's ghost (amateur DECj)
  5109 | D:4      | Killed TheGoonsmith's ghost
  5109 | D:4      | Reached skill level 8 in Unarmed Combat
  5112 | D:4      | Found a staircase to the Ecumenical Temple.
  5134 | Temple   | Entered the Ecumenical Temple
  5253 | Temple   | Became a worshipper of Uskayaw the Reveler
  5253 | Temple   | Reached * piety under Uskayaw
  5367 | D:4      | Reached ** piety under Uskayaw
  5666 | D:5      | Entered Level 5 of the Dungeon
  5673 | D:5      | Got a pitted ring mail
  5679 | D:5      | Reached XP level 8. HP: 62/62 MP: 7/7
  5690 | D:5      | Identified the cursed +1 ring mail "Ethreubes" {rElec Int+2} (You found it on level 5 of the Dungeon)
  5742 | D:5      | Reached skill level 9 in Unarmed Combat
  5814 | D:5      | Reached *** piety under Uskayaw
  6171 | D:5      | Reached skill level 10 in Unarmed Combat
  6458 | D:5      | Noticed Eustachio
  6746 | D:5      | Killed Eustachio
  6858 | D:5      | Reached skill level 5 in Throwing
  6858 | D:5      | Reached XP level 9. HP: 52/70 MP: 8/8
  6912 | D:5      | Noticed Prince Ribbit
  7214 | D:6      | Found a shadowy altar of Dithmenos.
  7289 | D:6      | Reached skill level 11 in Unarmed Combat
  7650 | D:5      | Killed Prince Ribbit
  7650 | D:5      | Reached skill level 5 in Fighting
  7650 | D:5      | Reached **** piety under Uskayaw
  9475 | D:8      | Reached XP level 10. HP: 59/81 MP: 9/9
  9485 | D:8      | Found Saic's Book Shop.
 10260 | D:9      | Reached skill level 5 in Dodging
 10385 | D:9      | Reached ***** piety under Uskayaw
 11287 | D:10     | Entered Level 10 of the Dungeon
 11689 | D:10     | Noticed Harold
 11712 | D:9      | Killed from afar by Harold

Vault maps used:
D:1:      dpeg_arrival_brainrot
D:3:      first_bread
D:4:      portal_sewer_entry_f
D:5:      serial_glass, glass_columns_a, glass_columns_b,
          hangedman_decor_slide_cut, uniq_prince_ribbit1, uniq_eustachio
D:6:      lemuel_doored_altar
D:8:      enter_bailey_2, serial_shops, nicolae_shop_trees
D:9:      grunt_pizzeria
D:10:     lemuel_ice_statue, serial_shops, shop, uniq_harold, uniq_urug,
          uniq_fannar, uniq_grum
Temple:   kilobyte_greek_temple
Sewer:    sewer_frog_island_02

Skill      XL: |  1  2  3  4  5  6  7  8  9 10 |
---------------+-------------------------------+-----
Unarmed Combat | 4 5 6 7 8 10 11 | 11.0
Throwing       | 1 2 3 5 |  5.1
Fighting       | 9 |  9.0
Dodging        | 3 8 |  8.5
Stealth        | |  2.1

Action                   |  1- 3 |  4- 6 |  7- 9 | 10-12 || total
-------------------------+-------+-------+-------+-------++-------
Melee: Unarmed           |   130 |   284 |   331 |   204 ||   949
       Punch             |     3 |     4 |    13 |    12 ||    32
 Fire: Triple crossbow   |       |       |       |    10 ||    10
Throw: Stone             |    95 |   213 |   146 |    41 ||   495
       Javelin           |       |     9 |     4 |       ||    13
Invok: Stomp             |       |       |     1 |     2 ||     3
       Line Pass         |       |       |     1 |     1 ||     2
  Use: Scroll            |       |    14 |     6 |       ||    20
       Potion            |       |       |     4 |     4 ||     8
 Stab: Sleeping          |     1 |       |       |       ||     1
       Paralysed         |       |       |     6 |     8 ||    14
       Confused          |       |       |       |     1 ||     1
  Eat: Chunk             |     4 |     8 |    13 |    13 ||    38
       Royal jelly       |       |       |     1 |       ||     1
Armor: Robe              |    19 |    15 |       |       ||    34
       Chain mail        |       |   109 |    15 |       ||   124
       Ring mail         |       |       |    83 |    73 ||   156
Dodge: Dodged            |    70 |    99 |   146 |   160 ||   475
